 Dungeon Crawl Stone Soup version 0.29.0-4-gdea44cf6ec (webtiles) character file.

Game seed: 2296771056823565904

76 qw the Chopper (level 4, -11/26 HPs)
             Began as a Tengu Warper on Aug 28, 2022.
             Mangled by a gnoll
             ... wielding a +0 halberd
              (14 damage)
             ... on level 3 of the Dungeon.
             The game lasted 00:00:12 (2088 turns).

qw the Chopper (Tengu Warper)                       Turns: 2088, Time: 00:00:12

Health: -11/26     AC:  8    Str: 13    XL:     4   Next: 32%
Magic:  8/8        EV:  9    Int: 14    God:
Gold:   72         SH:  0    Dex: 13    Spells: 7/7 levels left

rFire   . . .      SeeInvis .   Y - +1 hand axe (elec)
rCold   + . .      Faith    .   (no shield)
rNeg    . . .      Spirit   .   f - +0 scale mail
rPois   .          Reflect  .   a - +2 hat
rElec   .          Harm     .   (no cloak)
rCorr   .          Rampage  .   (no gloves)
Will    .....                   (boots unavailable)
Stlth   ..........              (no amulet)
HPRegen 0.08/turn               e - ring of protection from cold
MPRegen 0.11/turn               (no ring)

@: no status effects
A: beak, talons 3
a: no special abilities


You were on level 3 of the Dungeon.
You visited 1 branch of the dungeon, and saw 3 of its levels.

You collected 114 gold pieces.
You spent 42 gold pieces at shops.


Innate Abilities, Weirdness & Mutations

You have a beak for a mouth.
You have claws for feet.


   Skills:
 - Level 2.0 Fighting
 + Level 4.9 Axes
 - Level 1.0 Throwing
 - Level 1.1 Armour
 - Level 2.1 Dodging
 - Level 2.0 Spellcasting
 - Level 2.4 Translocations


You had 7 spell levels left.
You didn't know any spells.
Your spell library contained the following spells:

 Spells                   Type           Power      Damage    Failure   Level
 Blink                    Tloc           16%        N/A       54%         2
 Gell's Gravitas          Tloc           8%         N/A       78%         3
 Lesser Beckoning         Tloc           8%         N/A       78%         3
 Teleport Other           Tloc           8%         N/A       78%         3
 Manifold Assault         Tloc           8%         N/A       100%        5

Inventory:

Hand Weapons
 i - a +0 whip
 Y - a +1 hand axe of electrocution (weapon)
Missiles
 g - 2 boomerangs (quivered)
Armour
 a - a +2 hat (worn)
 f - a +0 scale mail (worn)
Jewellery
 e - a ring of protection from cold (left hand)
Scrolls
 d - a scroll of identify
Potions
 b - a potion of haste
 c - a potion of might
 h - 3 potions of curing
 j - a potion of lignification {unknown}
 l - a potion of degeneration {unknown}

Dungeon Overview and Level Annotations

Branches:
Dungeon (3/15)

Altars:

Shops:
D:1 :!=


Message History

A gnoll comes into view. It is wielding a +0 whip.
A gnoll comes into view. It is wielding a +0 flail.
A gnoll comes into view. It is wielding a +0 halberd.
2079 ||| Stepping ~*~*~tactically~*~*~ (hiding).
You start waiting.
A gnoll is nearby!
You hit the gnoll. You peck the gnoll.
The gnoll is moderately wounded.
The gnoll barely misses you.
You slash the gnoll! Your kick misses the gnoll.
The gnoll is severely wounded.
You barely miss the gnoll. The gnoll hits you with a +0 flail.
The gnoll barely misses you.
You barely miss the gnoll.
The gnoll is severely wounded.
You hit the gnoll. The gnoll closely misses you.
The gnoll barely misses you. x2
You slash the gnoll!
You kill the gnoll!
You hit the gnoll. The gnoll barely misses you.
The gnoll hits you with a +0 flail.
A hobgoblin comes into view.
You have reached level 4!
You feel clever.
The hobgoblin shouts!
You hit the gnoll. Lightning courses through the gnoll!
You kill the gnoll!
You hear a shout!
A kobold comes into view. It is wielding a +0 whip.
The gnoll hits you from afar with a +0 halberd.
The gnoll hits you with a +0 halberd!
You hit the gnoll. You claw the gnoll. Your peck misses the gnoll.
The gnoll is severely wounded.
The gnoll closely misses you.
You hit the gnoll. Your kick misses the gnoll.
The gnoll is severely wounded.
You hit the kobold.
You kill the kobold!
The gnoll hits you with a +0 halberd!
Ouch! That really hurt!
You die...

#. .. ..#........#.#.#
...#.##)#........#.#.#
...#....#....<...#.#.#
#....#..........#.#.#
....g.........#.#.#
#.##.#.##....##.#.#.###
#....))................
#.##.#)#.###.####.#.###
.g #@#.#.......<#.#


#gg #g#.#.#.####.#.# #. ..#.#.#........# # ...#.#.#....%.### ##.##.#.#.###..# ..
..#.#.# #..# .. ..#.#.# #..# ### ..#...# #... ##### ##..# You could see a gnoll
and a hobgoblin.

Vanquished Creatures
  2 gnolls (D:3)
  An adder (D:2)
  A dart slug (D:1)
  An orc (D:3)
  5 bats
  3 endoplasms (D:2)
  A giant cockroach (D:2)
  3 goblins
  2 hobgoblins
  2 jackals (D:1)
  A quokka (D:1)
  9 ball pythons
  4 frilled lizards (D:2)
  4 kobolds
  7 rats
46 creatures vanquished.

Notes
Turn   | Place    | Note
-------+----------+-------------------------------------------
     0 | D:1      | qw the Tengu Warper began the quest for the Orb.
     0 | D:1      | Reached XP level 1. HP: 12/12 MP: 4/4
     0 | D:1      | 0 ||| qw: Version: 0.1-a-89-g26bdef1
     0 | D:1      | 0 ||| qw: Game counter: 714
     0 | D:1      | 0 ||| qw: Always use a shield: true
     0 | D:1      | 0 ||| qw: God list: Okawaru
     0 | D:1      | 0 ||| qw: Allow faded altars: false
     0 | D:1      | 0 ||| qw: Do Orc after D:15 true
     0 | D:1      | 0 ||| qw: Do second Lair branch before Depths: true
     0 | D:1      | 0 ||| qw: Lair rune preference: random
     0 | D:1      | 0 ||| qw: Plans: Normal
     0 | D:1      | 0 ||| PLANNING D:1-11
    53 | D:1      | 53 ||| SWAPPING to +0 hand axe of electrocution.
    54 | D:1      | 54 ||| DROPPING +0 hand axe.
    90 | D:1      | Reached skill level 3 in Axes
    90 | D:1      | Reached XP level 2. HP: 17/17 MP: 6/6
   295 | D:1      | 295 ||| Stepping ~*~*~tactically~*~*~ (stealth).
   714 | D:1      | Found Xaskezog's Jewellery Shop.
   720 | D:1      | 720 ||| SHOPLISTING +4 ring of protection (396 gold, have
                  | 50).
   720 | D:1      | 720 ||| SHOPLISTING amulet "Miruti" {Reflect Fragile rF+
                  | SH+5 Stlth+} (453 gold, have 50).
   720 | D:1      | 720 ||| SHOPLISTING amulet of guardian spirit (330 gold,
                  | have 50).
   720 | D:1      | 720 ||| SHOPLISTING amulet of the acrobat (330 gold, have
                  | 50).
   720 | D:1      | 720 ||| SHOPLISTING ring of Busestax {rPois Will+ Str+4
                  | Dex-2} (444 gold, have 50).
   720 | D:1      | 720 ||| SHOPLISTING ring of protection from fire (275 gold,
                  | have 50).
   720 | D:1      | 720 ||| SHOPLISTING ring of resist corrosion (220 gold,
                  | have 50).
   723 | D:1      | Found Jaonuh's Distillery.
   728 | D:1      | 728 ||| BUYING potion of curing (42 gold).
   728 | D:1      | Bought a potion of curing for 42 gold pieces
   728 | D:1      | 728 ||| SHOPLISTING potion of haste (140 gold, have 8).
   732 | D:1      | Found Fecekedd's Book Shop.
   931 | D:1      | 931 ||| UPGRADING to +0 scale mail.
   941 | D:1      | 941 ||| DROPPING +0 leather armour.
   942 | D:1      | 942 ||| READING scroll labelled BYRCHI TUTHRE.
   943 | D:1      | 943 ||| DROPPING scroll of blinking.
   961 | D:2      | Found a faded altar of an unknown god.
   966 | D:2      | Reached XP level 3. HP: 21/21 MP: 7/7
  1068 | D:2      | 1068 ||| DROPPING +0 club.
  1131 | D:2      | Reached skill level 4 in Axes
  1811 | D:2      | 1811 ||| UPGRADING to +2 hat.
  1816 | D:2      | 1816 ||| UPGRADING to ring of protection from cold.
  1817 | D:2      | 1817 ||| READING scroll labelled WIATECR BOFUQ.
  1818 | D:2      | 1818 ||| READING scroll labelled TIRUTIY ESOEXAUR.
  1819 | D:2      | 1819 ||| READING scroll labelled UCEH UNIFOT.
  1820 | D:2      | 1820 ||| DRINKING 2 golden potions.
  1821 | D:2      | 1821 ||| DRINKING 2 metallic grey potions.
  1822 | D:2      | 1822 ||| DRINKING 2 bubbling brown potions.
  1923 | D:2      | 1923 ||| DROPPING potion of ambrosia.
  1978 | D:3      | 1978 ||| FLEEEEING.
  1979 | D:3      | 1979 ||| FLEEEEING.
  1980 | D:3      | 1980 ||| FLEEEEING.
  1981 | D:3      | 1981 ||| FLEEEEING.
  1982 | D:3      | 1982 ||| FLEEEEING.
  1983 | D:3      | 1983 ||| FLEEEEING.
  1984 | D:3      | 1984 ||| FLEEEEING.
  1985 | D:3      | 1985 ||| FLEEEEING.
  1986 | D:3      | 1986 ||| FLEEEEING.
  1987 | D:3      | 1987 ||| FLEEEEING.
  1988 | D:3      | 1988 ||| FLEEEEING.
  1989 | D:3      | 1989 ||| FLEEEEING.
  1990 | D:3      | 1990 ||| FLEEEEING.
  2079 | D:3      | 2079 ||| Stepping ~*~*~tactically~*~*~ (hiding).
  2085 | D:3      | Reached XP level 4. HP: 16/26 MP: 8/8
  2086 | D:3      | HP: 3/26 [gnoll/+0 halberd (8)]
  2088 | D:3      | Mangled by a gnoll

Levels and vault maps discovered:
D:1:      eino_arrival_druids_welcome, layout_basic, serial_shops, shop_statue,
          shop, nicolae_shop_hallway_stairs
D:2:      layout_loops_ring, dreamdust_ecumenical_altar_statues
D:3:      layout_basic

Skill      XL: |  1  2  3 |
---------------+----------+-----
Axes           | 3 4 |  4.9
Fighting       | |  2.0
Throwing       | |  1.0
Armour         | |  1.1
Dodging        | |  2.1
Spellcasting   | |  2.0
Translocations | |  2.4

Action                   |  1- 3 |  4- 6 || total
-------------------------+-------+-------++-------
Melee: Hand axe          |    74 |     3 ||    77
       Peck              |    10 |       ||    10
       Kick              |    11 |     1 ||    12
       Punch             |     1 |       ||     1
Throw: Boomerang         |     9 |       ||     9
  Use: Scroll            |     4 |       ||     4
       Potion            |     3 |       ||     3
Armor: Leather armour    |     5 |       ||     5
       Scale mail        |    11 |       ||    11
Dodge: Dodged            |    50 |     1 ||    51

Table legend:
 A = Non-vault XP
 B = Vault XP
 C = Vault XP percentage of total XP
 D = Non-vault monster count
 E = Vault monster count
 F = Vault count percentage of total count
                 A         B        C        D         E       F
            +---------+---------+-------+---------+---------+-------
      Total |     110 |       0 |   0.0 |      46 |       0 |   0.0
            +---------+---------+-------+---------+---------+-------
        D:1 |      32 |       0 |   0.0 |      21 |       0 |   0.0
        D:2 |      41 |       0 |   0.0 |      19 |       0 |   0.0
        D:3 |      37 |       0 |   0.0 |       6 |       0 |   0.0
            +---------+---------+-------+---------+---------+-------
